 Dungeon Crawl Stone Soup version 0.26.1 (webtiles) character file.

Game seed: 8539128279851200462

28041 Erymatos the Severer (level 13, -2/119 HPs)
             Began as a Minotaur Berserker on Feb 6, 2021.
             Was the Champion of Trog.
             Slain by a death yak (12 damage)
             ... on level 5 of the Lair of Beasts.
             The game lasted 00:21:07 (15454 turns).

Erymatos the Severer (Minotaur Berserker)          Turns: 15454, Time: 00:21:08

Health: -2/119     AC: 19    Str: 25    XL:     13   Next: 7%
Magic:  12/12      EV: 16    Int:  6    God:    Trog [******]
Gold:   898        SH:  0    Dex: 16    Spells: 12/12 levels left

rFire    + . .     SeeInvis .   R - +6 battleaxe "Azxigre" {vorpal, rF+ Int+2 Dex+4}
rCold    . . .     Faith    +   (shield currently unavailable)
rNeg     . . .     Spirit   .   t - +0 chain mail
rPois    .         Reflect  .   (helmet restricted)
rElec    .         Harm     .   y - +0 cloak {rCorr}
rCorr    +         Rampage  .   L - +0 pair of gloves
Will     .....                  (no boots)
Stlth    ..........             f - amulet of faith
HPRegen  0.29/turn              h - +4 ring of protection
MPRegen  0.13/turn              P - ring of Enitu {+Fly EV+4 Stlth+}

@: berserk cooldown, slowed, very slow
A: retaliatory headbutt, horns 2
a: Renounce Religion, Evoke Flight, Berserk, Trog's Hand, Brothers in Arms


You were on level 5 of the Lair of Beasts.
You worshipped Trog.
Trog was exalted by your worship.
You visited 2 branches of the dungeon, and saw 13 of its levels.
You also visited: Ossuary.

You collected 898 gold pieces.

Inventory:

Hand Weapons
 R - the +6 battleaxe "Azxigre" (weapon) {vorpal, rF+ Int+2 Dex+4}
   (Trog gifted it to you in an ossuary)

   It inflicts extra damage upon your enemies.
   It affects your intelligence (+2).
   It affects your dexterity (+4).
   It protects you from fire.
 Z - a +2 vorpal war axe
Armour
 t - a +0 chain mail (worn)
 y - a +0 cloak of preservation (worn)
 L - a +0 pair of gloves (worn)
Jewellery
 a - an uncursed ring of wizardry {unknown}
 f - an amulet of faith (around neck)
 h - a +4 ring of protection (left hand)
 n - an uncursed ring of protection from fire
 F - an uncursed amulet of magic regeneration {unknown}
 P - the ring of Enitu (right hand) {+Fly EV+4 Stlth+}
   (You found it on level 6 of the Dungeon)

   [ring of evasion]

   It affects your evasion (+4).
   It lets you fly.
   It makes you more stealthy.
 X - an uncursed amulet of guardian spirit {unknown}
Wands
 b - a wand of digging (3)
 w - a wand of random effects (17)
 I - a wand of flame (16)
 K - a wand of polymorph (24)
 V - a wand of iceblast (9)
Scrolls
 e - 4 scrolls of magic mapping {unknown}
 k - 4 scrolls of fear {unknown}
 l - a scroll of acquirement {unknown}
 p - 8 scrolls of identify {unknown}
 s - 3 scrolls of enchant armour {unknown}
 u - 6 scrolls of fog {unknown}
 z - 6 scrolls of random uselessness {unknown}
 A - 3 scrolls of amnesia {unknown}
 B - a scroll of noise {unknown}
 C - 6 scrolls of remove curse {unknown}
 H - 4 scrolls of immolation {unknown}
 N - 4 scrolls of enchant weapon {unknown}
 S - 4 scrolls of teleportation {unknown}
 T - a scroll of holy word {unknown}
 U - a scroll of blinking {unknown}
Potions
 c - a potion of brilliance {unknown}
 d - 9 potions of degeneration {unknown}
 g - 3 potions of attraction {unknown}
 i - 3 potions of heal wounds {unknown}
 j - 5 potions of flight {unknown}
 m - a potion of berserk rage {unknown}
 o - 2 potions of resistance {unknown}
 q - 3 potions of invisibility
 r - 5 potions of curing {unknown}
 D - 2 potions of cancellation {unknown}
 E - 2 potions of magic {unknown}
 J - 3 potions of haste {unknown}
 O - 3 potions of lignification {unknown}
 Q - a potion of might {unknown}
 W - a potion of ambrosia {unknown}


   Skills:
 + Level 12.8 Fighting
 + Level 17.9 Axes
 + Level 12.3 Armour
 + Level 5.6 Dodging
 - Level 0.1 Stealth
 + Level 2.9 Shields


You had 12 spell levels left.
You didn't know any spells.
Your spell library was empty.

Dungeon Overview and Level Annotations

Branches:
Dungeon (8/15)             Temple (0/1) D:6            Lair (5/6) D:8
 Shoals (0/4) Lair:4        Snake (0/4) Lair:3      Ossuary (visited)
  Slime: Lair:5-6

Altars:
Elyvilon
Makhleb
Nemelex Xobeh
Okawaru
Xom
Yredelemnul
Zin


Innate Abilities, Weirdness & Mutations

You reflexively headbutt those who attack you in melee.
You have a pair of horns on your head.


Message History

You barely miss the death yak. The death yak closely misses you.
You furiously retaliate!
You headbutt the death yak, but do no damage.
The death yak gores you!
* * * LOW HITPOINT WARNING * * *
You barely miss the death yak.
The death yak is severely wounded.
You slash the death yak! The death yak gores you.
* * * LOW HITPOINT WARNING * * *
The death yak gores you but does no damage.
Unknown command.
You slash the death yak!
You headbutt the death yak, but do no damage.
The death yak is almost dead.
You hit the death yak. The death yak gores you.
* * * LOW HITPOINT WARNING * * *
The death yak gores you!
* * * LOW HITPOINT WARNING * * *
The death yak gores you!
You die...

..>.....#.#P..# ##.#.
.................## ##..
..................###...
..$................#†÷..
............†.....#.<÷..
.........†..†.......÷#..
..........†..........#..
......Y...†.†......###..
P.....Y@†..†....#### ###
#......†....†....#
##........†....###
.............###
.....#.......#
.............#
...............
................
.......P......


You could see 2 death yaks.

Vanquished Creatures
  4 hydras
  A catoblepas (Lair:5)
  3 death yaks (Lair:5)
  Nergalle (Lair:3)
  A swamp dragon (Lair:3)
  Pikel (D:4)
  2 black mambas
  8 cane toads
  4 komodo dragons
  Maggie (Lair:2)
  16 blink frogs
  A snapping turtle (Lair:4)
  Sigmund (D:4)
  2 wyverns
  46 yaks
  2 basilisks
  13 water moccasins
  A sky beast (D:6)
  2 ice beasts (D:7)
  A phantom (D:5)
  2 black bears
  3 necrophages
  4 ogres
  An orc warrior (D:6)
  2 centaurs
  6 wolves (Lair:2)
  3 lemures (D:4)
  9 bullfrogs
  A water moccasin zombie (D:7)
  2 scorpions
  6 killer bees (D:8)
  An electric eel (Lair:4)
  2 howler monkeys (D:6)
  5 wights
  A human zombie (Ossuary)
  A bullfrog zombie (D:7)
  5 orc priests
  Crazy Yiuf (D:3)
  6 hounds
  3 jellies
  7 orc wizards
  A bullfrog skeleton (D:6)
  A centaur skeleton (D:5)
  Ijyb (D:3)
  Natasha (thrice) (D:4)
  2 iguanas
  6 worker ants
  4 hell rats (Lair:4)
  2 big kobold zombies (Ossuary)
  A hound zombie (D:5)
  2 hound skeletons
  3 mummies (Ossuary)
  A worker ant zombie (D:8)
  Robin (D:3)
  9 gnolls
  10 adders
  3 shadow imps (D:5)
  3 white imps
  An ufetubus (D:5)
  An ooze (D:2)
  2 adder skeletons
  4 worms
  4 dart slugs
  9 leopard geckos
  57 orcs
  5 giant cockroaches
  2 gnoll zombies (Ossuary)
  11 hobgoblins
  15 jackals
  9 kobolds
  2 ball pythons
  10 bats
  4 frilled lizards
  14 goblins
  2 goblin zombies (Ossuary)
  A hobgoblin zombie (Ossuary)
  A jackal skeleton (D:6)
  A leopard gecko skeleton (D:5)
  A leopard gecko zombie (D:7)
  12 rats
403 creatures vanquished.

Vanquished Creatures (collateral kills)
  Sonja (Lair:3)
1 creature vanquished.

Vanquished Creatures (others)
  2 hell rats (Lair:4)
  9 fungi
  28 plants
39 creatures vanquished.

Grand Total: 443 creatures vanquished

Notes
Turn   | Place    | Note
-------+----------+-------------------------------------------
     0 | D:1      | Erymatos the Minotaur Berserker began the quest for the
                  | Orb.
     0 | D:1      | Reached XP level 1. HP: 19/19 MP: 0/0
   139 | D:1      | Reached XP level 2. HP: 15/27 MP: 1/1
   286 | D:1      | Reached skill level 4 in Axes
   629 | D:1      | Reached XP level 3. HP: 29/33 MP: 2/2
   689 | D:1      | Reached ** piety under Trog
  1276 | D:2      | Reached XP level 4. HP: 31/41 MP: 3/3
  1522 | D:2      | Reached skill level 5 in Axes
  2532 | D:3      | Reached XP level 5. HP: 47/47 MP: 4/4
  2576 | D:3      | Noticed Robin
  2584 | D:3      | Reached *** piety under Trog
  2589 | D:3      | Killed Robin
  2686 | D:3      | Reached skill level 5 in Fighting
  2864 | D:3      | Noticed Ijyb
  2874 | D:3      | Killed Ijyb
  2875 | D:3      | Reached skill level 6 in Axes
  2950 | D:3      | Reached XP level 6. HP: 54/56 MP: 5/5
  3140 | D:3      | Reached **** piety under Trog
  3219 | D:3      | Found a runed translucent door.
  3220 | D:3      | Noticed Crazy Yiuf
  3228 | D:3      | Killed Crazy Yiuf
  3373 | D:3      | Found a glowing silver altar of Zin.
  3427 | D:3      | Reached skill level 7 in Axes
  3518 | D:4      | Noticed Pikel
  3587 | D:4      | Killed Pikel
  3588 | D:4      | Reached skill level 8 in Axes
  3588 | D:4      | Reached XP level 7. HP: 52/63 MP: 6/6
  3751 | D:4      | Noticed Natasha
  3760 | D:4      | Killed Natasha
  3804 | D:4      | Noticed Natasha
  3811 | D:4      | Killed Natasha
  3812 | D:4      | Reached skill level 9 in Axes
  3963 | D:4      | Reached XP level 8. HP: 69/70 MP: 7/7
  4083 | D:4      | Noticed Sigmund
  4092 | D:4      | Killed Sigmund
  4093 | D:4      | Reached skill level 5 in Armour
  4161 | D:4      | Noticed Natasha
  4168 | D:4      | Killed Natasha
  5134 | D:5      | Entered Level 5 of the Dungeon
  5224 | D:5      | Reached ***** piety under Trog
  5264 | D:5      | Reached skill level 10 in Axes
  5524 | D:5      | Reached skill level 1 in Shields
  5735 | D:5      | Reached XP level 9. HP: 79/79 MP: 8/8
  5837 | D:5      | Found a white marble altar of Elyvilon.
  5978 | D:5      | Found a sparkling altar of Nemelex Xobeh.
  6333 | D:6      | Found a staircase to the Ecumenical Temple.
  6431 | D:6      | Reached skill level 11 in Axes
  6549 | D:6      | Got a twitching turquoise ring
  6852 | D:6      | Found an iron altar of Okawaru.
  7138 | D:7      | Found a basalt altar of Yredelemnul.
  7165 | D:7      | Found a sand-covered staircase.
  7220 | Ossuary  | Entered an ossuary
  7471 | Ossuary  | Received a gift from Trog
  7520 | Ossuary  | Got an ancient battleaxe {god gift}
  7526 | Ossuary  | Identified the +6 battleaxe "Azxigre" {vorpal, rF+ Int+2
                  | Dex+4} (Trog gifted it to you in an ossuary)
  7948 | D:7      | Found a basalt altar of Yredelemnul.
  8084 | D:7      | Reached ****** piety under Trog
  8198 | D:7      | Reached skill level 12 in Axes
  8344 | D:8      | Found a sparkling altar of Nemelex Xobeh.
  8507 | D:8      | Reached XP level 10. HP: 90/90 MP: 9/9
  8996 | D:8      | Found a shimmering altar of Xom.
  9033 | D:8      | Found a burning altar of Makhleb.
  9078 | D:8      | Found a staircase to the Lair.
  9256 | Lair:1   | Entered Level 1 of the Lair of Beasts
  9339 | Lair:1   | Reached skill level 13 in Axes
  9474 | Lair:1   | Received a gift from Trog
  9497 | Lair:1   | Noticed a black mamba
  9502 | Lair:1   | Killed a black mamba
  9568 | Lair:1   | Reached skill level 14 in Axes
  9568 | Lair:1   | Noticed an eight-headed hydra
  9573 | Lair:1   | Reached skill level 10 in Fighting
  9579 | Lair:1   | Killed a 13-headed hydra
  9580 | Lair:1   | Reached XP level 11. HP: 17/100 MP: 10/10
 10273 | Lair:1   | Noticed a six-headed hydra
 10279 | Lair:1   | Killed an eight-headed hydra
 10280 | Lair:1   | Reached skill level 10 in Armour
 10292 | Lair:1   | Reached skill level 15 in Axes
 10642 | Lair:1   | Identified the ring of Enitu {+Fly EV+4 Stlth+} (You found
                  | it on level 6 of the Dungeon)
 11397 | Lair:2   | Noticed Maggie
 11406 | Lair:2   | Killed Maggie
 11671 | Lair:2   | Reached skill level 5 in Dodging
 11671 | Lair:2   | Reached XP level 12. HP: 79/110 MP: 11/11
 12249 | Lair:3   | Reached skill level 16 in Axes
 12302 | Lair:3   | Noticed Sonja
 12316 | Lair:3   | Killed Sonja
 12606 | Lair:3   | Noticed Nergalle
 12612 | Lair:3   | Noticed a four-headed hydra
 12620 | Lair:3   | Killed Nergalle
 12623 | Lair:3   | Killed a six-headed hydra
 12793 | Lair:3   | Found a staircase to the Snake Pit.
 14385 | Lair:4   | Reached skill level 17 in Axes
 14438 | Lair:4   | Found the +8 whip "Snakebite" {curare, rPois}
 14674 | Lair:4   | Found a staircase to the Shoals.
 15187 | Lair:5   | Received a gift from Trog
 15314 | Lair:5   | Noticed a catoblepas
 15324 | Lair:5   | Killed a catoblepas
 15426 | Lair:5   | Noticed a four-headed hydra
 15428 | Lair:5   | Noticed a death yak
 15430 | Lair:5   | Noticed a death yak
 15434 | Lair:5   | Killed a seven-headed hydra
 15435 | Lair:5   | Noticed a death yak
 15440 | Lair:5   | Killed a death yak
 15441 | Lair:5   | Reached XP level 13. HP: 99/119 MP: 12/12
 15454 | Lair:5   | Slain by a death yak

Illustrated notes

Levels and vault maps discovered:
D:1:      dpeg_arrival_shelter, layout_basic, nrook_uturn
D:2:      layout_basic
D:3:      layout_loops_cross, general_overflow_altar, uniq_crazy_yiuf_cottage,
          uniq_ijyb, uniq_robin
D:4:      layout_layer_cave, uniq_natasha, uniq_sigmund, uniq_pikel
D:5:      layout_rooms, nemelex_altar_shiori, lemuel_round_altar,
          serial_bayou_pond_b
D:6:      layout_loops_ring, okawaru_trees_1, minmay_temple_entry_sparse_star
D:7:      minmay_s_stair_smasher, layout_basic, lemuel_crystal_altar,
          nicolae_ossuary_entry_false_entrances, basic_altar,
          columned_hall_lemuel
D:8:      layout_loops_corners, makhleb_blood_cavern_becter,
          overflow_temple_1_default, david_lair_shrubbed, basic_altar,
          nicolae_straight_to_the_point
Lair:1:   layout_regular_city
Lair:2:   layout_concentric_octagons, minivault_19, grunt_megastairs_2,
          uniq_maggie
Lair:3:   layout_cave_pods, dummy_snake_entry, hibernation_bobbens,
          grunt_megastairs_5, uniq_nergalle, uniq_sonja
Lair:4:   minmay_guarded_unrand_snakebite, layout_gridlike,
          minmay_shoals_entry_hut
Lair:5:   layout_cave_pods, minmay_slime_entry_oklob_enclosed,
          grunt_megastairs_4

Skill      XL: |  1  2  3  4  5  6  7  8  9 10 11 12 |
---------------+-------------------------------------+-----
Fighting       | 4 5 6 7 8 10 11 12 | 12.8
Axes           | 4 5 6 8 9 10 12 14 15 17 | 17.9
Dodging        | 3 4 5 |  5.6
Armour         | 4 6 9 11 12 | 12.3
Shields        | 1 2 |  2.9
Stealth        | |  0.1

Action                   |  1- 3 |  4- 6 |  7- 9 | 10-12 | 13-15 || total
-------------------------+-------+-------+-------+-------+-------++-------
Melee: Hand axe          |    59 |   200 |   255 |       |       ||   514
       Headbutt          |     9 |    30 |    60 |    82 |     8 ||   189
       Battleaxe         |       |       |    58 |   337 |    12 ||   407
Invok: Berserk           |       |     4 |     3 |     8 |       ||    15
       Trog's Hand       |       |     1 |     1 |     2 |       ||     4
       Brothers in Arms  |       |       |       |     2 |       ||     2
Armor: Animal skin       |    12 |     5 |       |       |       ||    17
       Chain mail        |       |    70 |   130 |   188 |     3 ||   391
Dodge: Dodged            |    62 |    92 |   108 |   256 |     5 ||   523
Block: Buckler           |       |       |    21 |       |       ||    21
